 Dungeon Crawl Stone Soup version 0.13.0-13-g27bfa31 (webtiles) character file.

1848 Narretz the Covered (level 8, -2/68 HPs)
             Began as a Minotaur Fighter on Oct 19, 2013.
             Killed from afar by an orc (24 damage)
             ... with a wand of lightning
             ... on Level 6 of the Dungeon.
             The game lasted 00:25:59 (4254 turns).

Narretz the Covered (Minotaur Fighter)              Turns: 4254, Time: 00:26:00

HP  -2/68        AC 10     Str 23      XL: 8   Next: 57%
MP   3/3         EV  7     Int  5      God:
Gold 301         SH 21     Dex 10      Spells:  0 memorised,  7 levels left

Res.Fire  : . . .   See Invis. : .   a - +2 flail (holy)
Res.Cold  : . . .   Warding    : .   b - +0 scale mail
Life Prot.: . . .   Conserve   : +   c - +0 shield
Res.Poison: .       Res.Corr.  : .   (helmet restricted)
Res.Elec. : .       Clarity    : .   H - +1 cloak
Sust.Abil.: + .     Spirit.Shd : .   (no gloves)
Res.Mut.  : .       Rnd.Telep. : +   (no boots)
Res.Rott. : .       Flight     : .   C - amulet of conservation
Saprovore : . . .                    (no ring)
                                     t - ring of sustain abilities {unknown}

@: slightly resistant to hostile enchantments, extremely unstealthy
A: retaliatory headbutt, horns 2, teleportitis 1
a: no special abilities


You were on level 6 of the Dungeon.
You were not hungry.

You visited 1 branch of the dungeon, and saw 6 of its levels.

You collected 281 gold pieces.

Inventory:

Hand weapons
 a - a +2,+2 flail of holy wrath (weapon)
 r - a +0,+0 bow
 B - a +3,+4 quarterstaff of chaos
 Q - a +0 blowgun
Missiles
 f - 8 curare-tipped needles
 i - 37 darts (quivered)
 n - 16 poisoned needles
 q - 4 needles of slowing
 x - 69 arrows
 A - 2 javelins of returning
 E - 22 bolts
 M - 19 arrows of flame
Armour
 b - a +0 scale mail (worn)
 c - a +0 shield (worn)
 y - a +4 ring mail
 H - a +1 cloak (worn)
Magical devices
 u - a wand of flame (4)
 L - a wand of cold (2)
 R - a wand of disintegration (15)
Comestibles
 d - 3 bread rations
 k - 4 meat rations
Scrolls
 e - 2 scrolls of blinking {unknown}
 h - 3 scrolls of remove curse {unknown}
 j - a scroll of fear {unknown}
 l - 6 scrolls of identify
 w - 3 scrolls of teleportation
 F - 5 scrolls of curse weapon {unknown}
 G - a scroll of enchant weapon II {unknown}
 J - a scroll of enchant weapon I {unknown}
 K - 2 scrolls of fog {unknown}
 N - a scroll of enchant armour {unknown}
 P - a scroll of magic mapping {unknown}
Jewellery
 t - a ring of sustain abilities (left hand) {unknown}
 C - an amulet of conservation (around neck)
Potions
 m - a potion of brilliance {unknown}
 o - a potion of speed {unknown}
 p - 2 potions of restore abilities {unknown}
 s - a potion of curing
 v - a potion of magic {unknown}
 z - a potion of paralysis {unknown}
 D - 2 potions of agility {unknown}
 I - 2 potions of poison {unknown}
 O - a potion of heal wounds {unknown}


   Skills:
 + Level 5.7 Fighting
 + Level 5.8 Maces & Flails
 + Level 0.4 Bows
 + Level 2.6 Throwing
 * Level 7.4 Armour
 + Level 4.7 Dodging
 + Level 0.6 Stealth
 + Level 6.4 Shields
 + Level 1.1 Evocations


You had 7 spell levels left.
You didn't know any spells.

Dungeon Overview and Level Annotations

Branches:
Dungeon (6/27)
 Temple: D:4-7          Orc: D:6-11

Altars:
Kikubaaqudgha

Shops:
D:4 [


Innate Abilities, Weirdness & Mutations

You reflexively headbutt those who attack you in melee.
You have a pair of horns on your head.
Space occasionally distorts in your vicinity.


Message History

The orc shouts!
The orc priest shouts!
Found a viscous white potion.
Drink which item? (? for menu, Esc to quit)
Okay, then.
An orc comes into view.
The orc shouts!
You block the orc's attack.
The orc priest hits you but does no damage.
You sock the orc priest!
You kill the orc priest!
You block the orc's attack.
You barely miss the orc. You block the orc's attack.
You barely miss the orc. You headbutt the orc.
The orc is severely wounded.
The orc zaps a wand.
The bolt of lightning hits the orc.
The orc dies!
The bolt of lightning hits you!
The orc zaps a wand.
The bolt of lightning hits you!
The orc zaps a wand.
The bolt of lightning hits you!
You die...

#.................##
######..########....
##.# #.# #.## #.#
#..# #.# ##.# #.#
#.# #.# #######.##
#.# #...o@...#
####'####
#.......)...#
#.......#
.##........#
+.......' #........#
#.......# #!..<....#
#.......# #........#
####'#### #.........
##.# ........##
##..# .### ##..##


You could see an orc.

Vanquished Creatures
  A necrophage (D:5)
  A sky beast (D:5)
  A black bear (D:6)
  3 centaurs
  A phantom (D:5)
  2 ogres (D:4)
  Blork the orc (D:4)
  A goliath beetle (D:5)
  2 crimson imps (D:5)
  2 hounds (D:4)
  An iguana (D:6)
  3 orc priests (D:6)
  Crazy Yiuf (D:3)
  2 orc wizards
  A worker ant (D:4)
  Jessica (D:2)
  An ogre zombie (D:5)
  Terence (D:2)
  6 adders
  3 gnolls (D:2)
  A giant mite (D:2)
  3 worms
  An adder skeleton (D:6)
  2 giant geckos
  An ooze (D:1)
  15 orcs
  12 bats
  A bat skeleton (D:4)
  6 giant cockroaches
  14 goblins
  13 hobgoblins
  2 jackals (D:2)
  16 kobolds
  5 quokkas
  2 ball pythons (D:1)
  3 giant newts
  A hobgoblin skeleton (D:4)
  An orc skeleton (D:5)
  11 rats
145 creatures vanquished.

Vanquished Creatures (others)
  An orc (D:6)
1 creature vanquished.

Grand Total: 146 creatures vanquished

Notes
Turn   | Place    | Note
--------------------------------------------------------------
     0 | D:1      | Narretz, the Minotaur Fighter, began the quest for the Orb.
     0 | D:1      | Reached XP level 1. HP: 19/19 MP: 0/0
   188 | D:1      | Reached skill level 4 in Fighting
   191 | D:1      | Reached XP level 2. HP: 22/27 MP: 0/0
   830 | D:2      | Reached XP level 3. HP: 26/33 MP: 1/1
  1063 | D:2      | Noticed Terence
  1075 | D:2      | Killed Terence
  1075 | D:2      | Reached skill level 1 in Dodging
  1075 | D:2      | Reached XP level 4. HP: 40/40 MP: 1/1
  1083 | D:2      | Noticed Jessica
  1655 | D:2      | Killed Jessica
  1693 | D:3      | Reached XP level 5. HP: 44/46 MP: 1/1
  2135 | D:3      | Noticed Crazy Yiuf
  2151 | D:3      | Killed Crazy Yiuf
  2231 | D:4      | Found Lowoath's Armour Shop.
  2277 | D:4      | Noticed Blork the orc
  2285 | D:4      | Killed Blork the orc
  2285 | D:4      | Reached skill level 5 in Armour
  2285 | D:4      | Reached XP level 6. HP: 38/53 MP: 2/2
  2447 | D:4      | Noticed an ogre
  2447 | D:4      | Noticed an ogre
  2483 | D:4      | Killed an ogre
  2483 | D:4      | Reached skill level 1 in Throwing
  2484 | D:4      | Killed an ogre
  2484 | D:4      | Reached skill level 5 in Shields
  2484 | D:4      | Reached skill level 1 in Evocations
  2592 | D:4      | Reached skill level 6 in Armour
  2602 | D:4      | Reached XP level 7. HP: 48/60 MP: 3/3
  3066 | D:5      | Entered Level 5 of the Dungeon
  3108 | D:5      | Reached skill level 5 in Fighting
  3355 | D:5      | Reached skill level 5 in Maces & Flails
  3433 | D:5      | Found an ancient bone altar of Kikubaaqudgha.
  3501 | D:5      | Reached XP level 8. HP: 36/68 MP: 3/3
  3537 | D:5      | Gained mutation: Space occasionally distorts in your vicinity. [mutagenic meat]
  3806 | D:6      | Reached skill level 7 in Armour
  4254 | D:6      | Killed from afar by an orc

Action                   |  1- 3 |  4- 6 |  7- 9 || total
-------------------------+-------+-------+-------++-------
Melee: Mace              |   100 |       |       ||   100
       Flail             |       |   101 |   156 ||   257
 Fire: Bow               |       |       |     4 ||     4
Throw: Dart              |     5 |     8 |     5 ||    18
       Javelin           |       |     7 |     7 ||    14
Evoke: Wand              |     2 |     5 |     2 ||     9
  Use: Scroll            |       |       |     4 ||     4
       Potion            |       |       |     2 ||     2
